 Dungeon Crawl Stone Soup version 0.22-a0-159-g7ce444f (webtiles) character file.

4151 wolfsongas the Cleaver (level 10, 0/76 HPs)
             Began as a Demonspawn Fighter on Feb 9, 2018.
             Was a Follower of Yredelemnul.
             Slain by a wyvern (9 damage)
             ... on level 8 of the Dungeon.
             The game lasted 00:15:53 (6128 turns).

wolfsongas the Cleaver (Demonspawn Fighter)         Turns: 6128, Time: 00:15:53

Health: 0/76       AC: 19    Str: 19    XL:     10   Next: 7%
Magic:  15/17      EV:  3    Int: 10    God:    Yredelemnul [*.....]
Gold:   378        SH:  9    Dex: 13    Spells: 9/9 levels left

rFire    . . .     SeeInvis +   n - +3 war axe (flame)
rCold    . . .     Gourm    .   c - +0 shield
rNeg     . . .     Faith    .   q - +0 plate armour
rPois    .         Spirit   .   (no helmet)
rElec    .         Reflect  .   (no cloak)
rCorr    +         Harm     .   p - +0 pair of gloves
MR       .....                  i - +0 pair of boots
Stlth    ..........             (no amulet)
HPRegen  0.22/turn              h - ring of see invisible
MPRegen  0.15/turn              (no ring)

@: no status effects
A: yellow scales 3, demonic guardian 2, spiny 1
a: Animate Remains, Renounce Religion


You were on level 8 of the Dungeon.
You worshipped Yredelemnul.
Yredelemnul was aware of your devotion.
You were full.

You visited 2 branches of the dungeon, and saw 10 of its levels.

You collected 378 gold pieces.

Inventory:

Hand Weapons
 n - a +3 war axe of flaming (weapon)
Armour
 c - a +0 shield (worn)
 i - a +0 pair of boots (worn)
 p - a +0 pair of gloves (worn)
 q - a +0 plate armour (worn)
Jewellery
 b - an uncursed amulet of regeneration {unknown}
 e - an uncursed ring of protection from fire {unknown}
 h - a ring of see invisible (left hand)
Wands
 m - a wand of flame (24)
Scrolls
 d - 3 scrolls of teleportation
 g - 4 scrolls of fear
 k - a scroll of amnesia {unknown}
Potions
 a - a potion of haste
Comestibles
 f - 9 rations


   Skills:
 + Level 6.1 Fighting
 + Level 9.5 Axes
 + Level 5.5 Armour
 - Level 2.6 Shields
 * Level 9.5 Invocations


You had 9 spell levels left.
You didn't know any spells.

Dungeon Overview and Level Annotations

Branches:
Dungeon (9/15)             Temple (1/1) D:5
   Lair: D:8-11         Orc: D:9-12

Altars:
Ashenzari
Cheibriados
Dithmenos
Elyvilon
Fedhas
Gozag
Hepliaklqana
Kikubaaqudgha
Makhleb
Nemelex Xobeh
Okawaru
Ru
Sif Muna
Trog
Uskayaw
Vehumet
Wu Jian
Xom
Yredelemnul
Zin
The Shining One

Annotations:
D:8 Gastronok, Grum


Innate Abilities, Weirdness & Mutations

You are completely covered in yellow scales. (AC +4, rCorr)
A demonic guardian rushes to your aid.
You are partially covered in sharp spines.


Message History

Your wolf zombie completely misses the wyvern.
Your smoke demon gestures at the wyvern.
The wyvern is smitten.
There is an open door, spattered with blood here.
You see here a bullfrog corpse.
Your smoke demon disappears in a puff of smoke!
Your wolf zombie closely misses the wyvern.
You hit the wyvern but do no damage.
The wyvern is severely wounded.
The wyvern bites you!
* * * LOW HITPOINT WARNING * * *
Your wolf zombie bites the wyvern.
The wyvern closely misses your wolf zombie.
The jelly hits your wolf zombie.
Your wolf zombie is splashed with acid.
Your wolf zombie bites the wyvern.
You closely miss the wyvern.
The wyvern is almost dead.
The wyvern bites you!
You die...
Your body rises from the dead as a mindless zombie.

≈≈≈≈≈Z..#>.#..####...#
≈≈≈≈≈...#.^#..#..#...##+#
≈≈≈≈≈...#..#..#..#.......
≈≈≈≈....##'#..#'##.......
≈≈≈≈.......).[)..........
..................w......
................ZJ.....⌠.
≈≈≈≈..........##l#.......
≈≈≈≈..........#.@#.......
≈≈≈≈..........#/[#.......
≈≈≈≈....#+##..####.......
≈≈≈≈....# #.... .......
≈≈≈≈....# .... .......
##+#...


You could see Gastronok, a wyvern, a jelly and a friendly wolf zombie.

Vanquished Creatures
  A two-headed ogre (D:8)
  The ghost of estick the Protected, a novice HOGl of Beogh (D:8)
  The ghost of LetsPracticeRu the Cleaver, a novice TeFi of Ru (D:7)
  A hippogriff (D:7)
  A yak (D:8)
  A hungry ghost (D:7)
  Menkaure (D:4)
  Duvessa (D:4)
  An ice beast (D:6)
  An ogre (D:6)
  A wolf (D:8)
  A centaur (D:6)
  A gnoll sergeant (D:6)
  2 bullfrogs (D:8)
  A howler monkey (D:7)
  4 crimson imps
  2 hounds
  A jelly (D:6)
  3 orc priests
  6 orc wizards
  A bullfrog skeleton (D:6)
  A centaur skeleton (D:4)
  2 worker ants
  A worker ant zombie (D:7)
  5 adders
  8 gnolls
  A shadow imp (D:7)
  An ooze (D:1)
  A worm (D:2)
  An adder skeleton (D:4)
  6 leopard geckos
  11 orcs
  5 giant cockroaches
  6 goblins
  12 hobgoblins
  A quokka (D:3)
  2 ball pythons
  8 bats
  5 frilled lizards
  A jackal skeleton (D:4)
  5 kobolds
  2 quokka skeletons
  A quokka zombie (D:6)
  9 rats
128 creatures vanquished.

Vanquished Creatures (collateral kills)
  A hippogriff (D:8)
  4 yaks (D:8)
  A wolf (D:8)
  A centaur (D:5)
  Blork the orc (D:4)
  Dowan (D:4)
  A scorpion (D:4)
  An electric eel (D:8)
  An ooze (D:4)
12 creatures vanquished.

Vanquished Creatures (others)
  A bullfrog zombie (D:8)
  A giant cockroach (D:5)
2 creatures vanquished.

Grand Total: 142 creatures vanquished

Notes
Turn   | Place    | Note
-------+----------+-------------------------------------------
     0 | D:1      | wolfsongas the Demonspawn Fighter began the quest for the Orb.
     0 | D:1      | Reached XP level 1. HP: 18/18 MP: 1/1
    93 | D:1      | Gained mutation: You are partially covered in yellow scales. (AC +2) [demonic ancestry]
    93 | D:1      | Reached XP level 2. HP: 24/24 MP: 2/2
   310 | D:1      | Gained mutation: You are partially covered in sharp spines. [demonic ancestry]
   310 | D:1      | Reached XP level 3. HP: 29/29 MP: 3/3
   812 | D:2      | Reached XP level 4. HP: 35/35 MP: 4/4
  1162 | D:3      | Gained mutation: You are mostly covered in yellow scales. (AC +3) [demonic ancestry]
  1162 | D:3      | Reached XP level 5. HP: 32/41 MP: 5/5
  1392 | D:3      | Found a bloodstained altar of Trog.
  1392 | D:3      | Found a blossoming altar of Fedhas.
  1667 | D:3      | Reached skill level 5 in Axes
  1791 | D:4      | Noticed Duvessa
  1791 | D:4      | Noticed Dowan
  1798 | D:4      | Killed Duvessa
  1798 | D:4      | Gained mutation: A weak demonic guardian rushes to your aid. [demonic ancestry]
  1798 | D:4      | Reached XP level 6. HP: 44/47 MP: 6/6
  1799 | D:4      | Killed Dowan
  1881 | D:4      | Noticed Blork the orc
  1888 | D:4      | Killed Blork the orc
  1932 | D:4      | Noticed Menkaure
  1938 | D:4      | Killed Menkaure
  2070 | D:4      | Gained mutation: You are completely covered in yellow scales. (AC +4, rCorr) [demonic ancestry]
  2070 | D:4      | Reached XP level 7. HP: 46/52 MP: 7/7
  2301 | D:4      | Got a jewelled dagger
  2676 | D:5      | Entered Level 5 of the Dungeon
  2925 | D:5      | Identified the +7 dagger "Fekhlalute" {freeze, Fragile rF+ rN+ Int+3} (You found it on level 4 of the Dungeon)
  3482 | D:5      | Found a staircase to the Ecumenical Temple.
  3697 | Temple   | Entered the Ecumenical Temple
  3754 | Temple   | Became a worshipper of Yredelemnul the Dark
  3822 | D:6      | Found an opulent altar of Gozag.
  3830 | D:6      | Reached skill level 1 in Invocations
  3931 | D:6      | Found a deep blue altar of Sif Muna.
  3961 | D:6      | Reached XP level 8. HP: 56/58 MP: 9/9
  4097 | D:6      | Found a sacrificial altar of Ru.
  4097 | D:6      | Found a burning altar of Makhleb.
  4562 | D:6      | Found a hazy altar of Hepliaklqana.
  5033 | D:7      | Reached skill level 5 in Invocations
  5068 | D:7      | Noticed LetsPracticeRu's ghost (novice TeFi)
  5090 | D:7      | Killed LetsPracticeRu's ghost
  5090 | D:7      | Gained mutation: A demonic guardian rushes to your aid. [demonic ancestry]
  5090 | D:7      | Reached XP level 9. HP: 31/66 MP: 11/13
  5526 | D:8      | Reached * piety under Yredelemnul
  5598 | D:8      | Noticed a two-headed ogre
  5603 | D:8      | Killed a two-headed ogre
  5603 | D:8      | Reached skill level 5 in Fighting
  5657 | D:8      | Noticed estick's ghost (novice HOGl)
  5672 | D:9      | Found a sparkling altar of Nemelex Xobeh.
  5974 | D:8      | Killed estick's ghost
  5974 | D:8      | Reached skill level 5 in Armour
  6114 | D:8      | Reached XP level 10. HP: 47/76 MP: 16/16
  6119 | D:8      | Noticed Gastronok
  6120 | D:8      | Noticed Grum
  6128 | D:8      | Slain by a wyvern

Vault maps used:
D:1:      lightli_arrival_chessboard, kennysheep_doodads
D:2:      first_ration
D:3:      chequers_temple_overflow_statue_of_worship
D:4:      uniq_duvessa, uniq_blork_the_orc, uniq_menkaure
D:5:      minmay_temple_entry_fiery
D:6:      lemuel_round_altar, gammafunk_temple_overflow_pools,
          nicolae_overflow_crystal_walls, interstate_on_off, grunt_gozag_statues
D:8:      kennysheep_town, uniq_gastronok, uniq_grum
D:9:      nemelex_xobeh_ov_fountains_minmay, nicolae_qazlal_eye_of_the_storm,
          david_orc_5, uniq_psyche
Temple:   eino_temple_water

Skill      XL: |  1  2  3  4  5  6  7  8  9 |
---------------+----------------------------+-----
Axes           | 2 3 4 5 7 8 9 |  9.5
Armour         | 3 4 5 |  5.5
Invocations    | 1 6 9 |  9.5
Fighting       | 4 6 |  6.1
Shields        | |  2.6

Action                   |  1- 3 |  4- 6 |  7- 9 | 10-12 || total
-------------------------+-------+-------+-------+-------++-------
Melee: War axe           |    95 |    59 |   188 |     8 ||   350
       Dagger            |       |       |     8 |       ||     8
Invok: Animate Remains   |       |       |     1 |     1 ||     2
  Use: Scroll            |       |     6 |     9 |       ||    15
       Potion            |       |     1 |     9 |       ||    10
 Stab: Distracted        |       |       |     3 |       ||     3
  Eat: Chunk             |       |     4 |     4 |       ||     8
       Ration            |       |       |     5 |       ||     5
Armor: Scale mail        |    48 |       |       |       ||    48
       Ring mail         |    15 |    27 |    77 |       ||   119
       Plate armour      |       |       |    13 |     6 ||    19
Dodge: Dodged            |    29 |    19 |    42 |     4 ||    94
Block: Shield            |    52 |    31 |    93 |     5 ||   181

Table legend:
 A = Spawn XP
 B = Non-spawn XP
 C = Spawn XP percentage of total XP
 D = Spawn monster count
 E = Non-spawn monster count
 F = Spawn count percentage of total count
 G = Total turns spent on level
                    A         B        C        D         E        F      G
               +---------+---------+-------+---------+---------+-------+---------
         Total |       0 |    5931 |   0.0 |       0 |     140 |   0.0 |  6128
               +---------+---------+-------+---------+---------+-------+---------
           D:1 |       0 |      49 |   0.0 |       0 |      29 |   0.0 |   581
           D:2 |       0 |      98 |   0.0 |       0 |      17 |   0.0 |   452
           D:3 |       0 |      93 |   0.0 |       0 |      16 |   0.0 |   717
           D:4 |       0 |     664 |   0.0 |       0 |      16 |   0.0 |   926
           D:5 |       0 |     393 |   0.0 |       0 |      15 |   0.0 |  1084
           D:6 |       0 |     646 |   0.0 |       0 |      16 |   0.0 |   936
           D:7 |       0 |    1251 |   0.0 |       0 |      10 |   0.0 |   742
           D:8 |       0 |    2687 |   0.0 |       0 |      20 |   0.0 |   386
           D:9 |       0 |      50 |   0.0 |       0 |       1 |   0.0 |   231
               +---------+---------+-------+---------+---------+-------+---------
